 Dungeon Crawl Stone Soup version 0.29.1-15-g9cfb28693d (webtiles) character file.

Game seed: 11204349749009204175

4 Grunkalo the Poker (level 1, 0/23 HPs)
             Began as a Gnoll Cinder Acolyte on Apr 7, 2023.
             Was a High Priest of Ignis.
             Slain by a gnoll
             ... wielding a +0 vorpal flail
              (1 damage)
             ... on level 1 of the Dungeon.
             The game lasted 00:01:19 (187 turns).

Grunkalo the Poker (Gnoll Cinder Acolyte)            Turns: 187, Time: 00:01:20

Health: 0/23       AC:  5    Str: 13    XL:     1   Next: 60%
Magic:  4/4        EV: 10    Int: 13    God:    Ignis [*****.]
Gold:   8          SH:  0    Dex:  7    Spells: 5/5 levels left

rFire   + . .      SeeInvis .   a - -1 spear (flame)
rCold   . . .      Faith    .   (no shield)
rNeg    . . .      Spirit   .   e - +0 ring mail
rPois   .          Reflect  .   (no helmet)
rElec   .          Harm     .   (no cloak)
rCorr   .          Rampage  .   (no gloves)
Will    .....                   (no boots)
Stlth   ..........              (no amulet)
HPRegen 0.07/turn               (no ring)
MPRegen 0.09/turn               (no ring)

@: no status effects
A: fangs 1, strong nose, distributed training
a: Renounce Religion, Fiery Armour, Foxfire Swarm, Rising Flame


You were on level 1 of the Dungeon.
You worshipped Ignis.
Ignis was extremely pleased with you.
You visited 1 branch of the dungeon, and saw 1 of its levels.

You collected 8 gold pieces.

Inventory:

Hand Weapons
 a - a -1 spear of flaming (weapon)
Armour
 b - a +0 robe
 e - a +0 ring mail (worn)
Scrolls
 c - a scroll of identify {unknown}
 f - a scroll of enchant armour {unknown}
Potions
 d - 2 potions of degeneration {unknown}


   Skills:
 + Level 6.4 Fighting
 + Level 0.1 Short Blades
 + Level 0.1 Long Blades
 + Level 0.1 Axes
 + Level 0.1 Maces & Flails
 + Level 6.4 Polearms
 + Level 0.1 Staves
 + Level 0.1 Ranged Weapons
 + Level 0.1 Throwing
 + Level 0.1 Armour
 + Level 0.1 Dodging
 + Level 0.1 Stealth
 + Level 0.1 Shields
 + Level 0.1 Unarmed Combat
 + Level 2.6 Spellcasting
 + Level 0.1 Conjurations
 + Level 0.1 Hexes
 + Level 0.1 Summonings
 + Level 0.1 Necromancy
 + Level 0.1 Translocations
 + Level 0.1 Transmutations
 + Level 5.3 Fire Magic
 + Level 0.1 Ice Magic
 + Level 0.1 Air Magic
 + Level 0.1 Earth Magic
 + Level 0.1 Poison Magic
 + Level 0.2 Invocations
 + Level 0.1 Evocations


You had 5 spell levels left.
You didn't know any spells.
Your spell library contained the following spells:

 Spells                   Type           Power      Damage    Failure   Level
 Scorch                   Fire           30%        2d6       9%          2


Dungeon Overview and Level Annotations

Branches:
Dungeon (1/15)

Altars:

Shops:
D:1 (


Innate Abilities, Weirdness & Mutations

You have very sharp teeth.
Your uncanny sense of smell can sniff out nearby items.
Your experience applies equally to all skills.


Message History

You open the door.
There is an open door here.
An endoplasm comes into view.
Found 8 gold pieces.
The endoplasm moves out of view.
You hit the endoplasm. You burn the endoplasm.
You kill the endoplasm!
Found a short sword.
Found a scroll labelled KOFEKK QANI.
You now have 8 gold pieces.
You see here a +0 short sword.
An endoplasm comes into view.
Found a puce potion.
The endoplasm quivers.
The endoplasm moves out of view.
Found a stone staircase leading down.
You hit the endoplasm. You burn the endoplasm.
You bite the endoplasm, but do no damage.
The endoplasm is severely wounded.
The endoplasm hits you but does no damage.
You hit the endoplasm. You burn the endoplasm.
You kill the endoplasm!
f - a scroll labelled KOFEKK QANI
d - 2 puce potions (gained 1)
Found 5 stones.
You open the door.
A gnoll comes into view. It is wielding a +0 vorpal flail.
The gnoll shouts!
Found a dagger.
Found a faded altar of an unknown god.
You hit the gnoll but do no damage. The gnoll closely misses you.
You hit the gnoll but do no damage.
The gnoll hits you with a +0 vorpal flail!
You hit the gnoll. You burn the gnoll.
The gnoll is moderately wounded.
The gnoll hits you with a +0 vorpal flail!
* * * LOW HITPOINT WARNING * * *
x2 You barely miss the gnoll.
The gnoll is moderately wounded.
The gnoll hits you with a +0 vorpal flail.
* * * LOW HITPOINT WARNING * * *
You die...

.# #>. ....## #.......##
## #.###.....
............ # #......#
..###.######
#########......# ### #.#
##. #..............# #.#
##..
#.......#......#######
#. ##..#
........#......'......
#..##
#.......#......######..#
#.#..
#......)#.#.#...@g......
#.##.
#########.#.##.####.....
#.#.. #.#.##.# _.. #.#..
....##.# . #.#<. ..#
#.#.. ... #^#.. ...# ##.
.... #.. ###


You could see a gnoll.

Vanquished Creatures
  A bat (D:1)
  2 endoplasms (D:1)
3 creatures vanquished.

Notes
Turn   | Place    | Note
-------+----------+-------------------------------------------
     0 | D:1      | Grunkalo the Gnoll Cinder Acolyte began the quest for the
                  | Orb.
     0 | D:1      | Reached XP level 1. HP: 23/23 MP: 4/4
    47 | D:1      | Found Ypuhamu's Weapon Emporium.
   183 | D:1      | Found a faded altar of an unknown god.
   187 | D:1      | HP: 1/23 [gnoll/+0 vorpal flail (2)]
   187 | D:1      | Slain by a gnoll

Illustrated notes

Levels and vault maps discovered:
D:1:      dpeg_arrival_stone_temple_mockup, layout_basic,
          ebering_ecumenical_altar_sacrificial, serial_shops, shop,
          minmay_splitting_lines

Action                   || total
-------------------------++-------
Melee: Spear             ||    10
       Bite              ||     1
Armor: Robe              ||     2
       Ring mail         ||     1
Dodge: Dodged            ||     4
